 Dungeon Crawl Stone Soup version 0.31-a0-506-g3d79149578 (webtiles) character file.

Game seed: 8604562991370712538

1551 GordonOverkill the Sneak (level 8, -6/52 HPs)
             Began as an Octopode Delver on Aug 9, 2023.
             Was a Follower of Vehumet.
             Mangled by a killer bee (10 damage)
             ... on level 8 of the Dungeon.
             The game lasted 00:07:32 (2330 turns).

GordonOverkill the Sneak (Octopode Delver)          Turns: 2330, Time: 00:07:32

Health: -6/52      AC:  1    Str: 11    XL:     8   Next: 88%
Magic:  8/16       EV: 13    Int: 20    God:    Vehumet [*.....]
Gold:   121        SH:  0    Dex: 14    Spells: 14/18 levels left

rFire   . . .        a - +0 short sword
rCold   . . .        (no shield)
rNeg    . . .        (helmet restricted)
rPois   .            (no amulet)
rElec   .            l - +6 ring of intelligence
rCorr   .            (no ring)
SInv    .            (no ring)
Will    .....        (no ring)
Stlth   ++++         (no ring)
HPRegen 0.28/turn    (no ring)
MPRegen 0.15/turn    (no ring)
                     (no ring)

%: no passive effects
@: no status effects
A: almost no armour, amphibious, 8 rings, camouflage 1, gelatinous body 1,
(nimble swimmer 1), tentacles
a: Renounce Religion


You were on level 8 of the Dungeon.
You worshipped Vehumet.
Vehumet was aware of your devotion.
You visited 2 branches of the dungeon, and saw 5 of its levels.

You collected 121 gold pieces.

Inventory:

Hand Weapons
 a - a +0 short sword (weapon)
Jewellery
 g - a ring of fire
 l - a +6 ring of intelligence (left tentacle)
Wands
 e - a wand of mindburst (2)
 f - a wand of digging (3)
 i - a wand of polymorph (6)
Scrolls
 b - 2 scrolls of fog
 c - a scroll of revelation
 d - 2 scrolls of fear
 j - 2 scrolls of teleportation {unknown}
 o - a scroll of blinking {unknown}
Potions
 h - a potion of cancellation {unknown}
 k - 4 potions of curing
 m - 3 potions of lignification {unknown}
 n - a potion of haste
 p - a potion of berserk rage {unknown}
 q - a potion of brilliance {unknown}


   Skills:
 - Level 3.0 Fighting
 - Level 2.0 Short Blades
 - Level 2.0 Dodging
 - Level 6.6 Stealth
 + Level 5.9 Spellcasting
 + Level 6.1 Conjurations
 - Level 3.0 Translocations
 - Level 5.0 Evocations


You had 14 spell levels left.
You knew the following spells:

 Your Spells              Type           Power      Damage    Failure   Level
a - Iskenderun's Mystic   Conj/Tloc      24%        2d7       16%         4

Your spell library contained the following spells:

 Spells                   Type           Power      Damage    Failure   Level
 Shock                    Conj/Air       72%        1d7       3%          1
 Portal Projectile        Hex/Tloc       22%        N/A       17%         3
 Tukima's Dance           Hex            5%         N/A       32%         3


Dungeon Overview and Level Annotations

Branches:
Dungeon (8/15)             Temple (1/1) D:5
   Lair: D:8-11

Altars:
Cheibriados
Elyvilon
Fedhas
Kikubaaqudgha
Qazlal
Ru
Trog
Uskayaw
Vehumet
Xom
Yredelemnul
The Shining One


Innate Abilities, Weirdness & Mutations

You cannot wear most types of armour.
You are amphibious.
You can wear up to eight rings at the same time.
Your skin changes colour to match your surroundings (Stealth+).
Your rubbery body absorbs attacks. (AC +1, EV +1)
((You are camouflaged when in or above water. (Stealth+)))
You have tentacles for arms and can constrict up to eight enemies at once.


Message History

The centaur slams into the rock wall!
The centaur is almost dead.
You hear an angry buzzing noise. x3
A killer bee comes into view.
The centaur hits you but does no damage.
The centaur kicks you.
* * * LOW HITPOINT WARNING * * *
You hit the centaur.
The centaur is almost dead.
The centaur misses you. The centaur barely misses you.
The killer bee stings you.
* * * LOW HITPOINT WARNING * * *
The centaur misses you. The centaur kicks you.
* * * LOW HITPOINT WARNING * * *
Casting: Iskenderun's Mystic Blast (quite dangerous; 17% risk of failure)
Confirm with . or Enter, or press ? or * to list all spells.
You erupt in a blast of force!
The mystic blast hits the centaur!
You kill the centaur!
Vehumet accepts your kill.
The mystic blast hits the killer bee.
The killer bee is moderately wounded.
The killer bee is knocked back by the mystic blast.
A killer bee comes into view.
Your Conjurations skill increases to level 6!
The killer bee attacks as you move away!
The killer bee stings you!
* * * LOW HITPOINT WARNING * * *
You are poisoned.
The killer bee poisons you!
* * * LOW HITPOINT WARNING * * *
You feel very sick.
Things that are here:
a +0 shortbow; a +0 shortbow; 15 gold pieces It was a potion of curing.
You feel better. The killer bee closely misses you. The killer bee stings you!
* * * LOW HITPOINT WARNING * * *
The killer bee stings you.
* * * LOW HITPOINT WARNING * * *
The killer bee stings you!
You die...

#.# #.# # #.# #.
#.# ###. ##.#
#...########..#
#.........#...#
#.....###.#...#####
##.##.# #..###.@yy#
# #.#####.#.###.#
#....zz....##.#
#######....#...#
##.#.#.....
#.#.#...###
#....#### #..#..
##....#


You could see 2 killer bees.

Vanquished Creatures
  Prince Ribbit (D:6)
  Sigmund (D:6)
  Menkaure (D:7)
  2 centaurs
  A bullfrog (D:8)
  2 scorpions (D:5)
  6 wights (D:7)
  An orc priest (D:6)
  7 hounds
  2 jellies
  3 orc wizards
  3 adders
  A shadow imp (D:7)
  A white imp (D:6)
  An ufetubus (D:6)
  8 orcs
41 creatures vanquished.

Notes
Turn   | Place    | Note
-------+----------+-------------------------------------------
     0 | D:5      | GordonOverkill the Octopode Delver began the quest for the
                  | Orb.
     0 | D:5      | Reached XP level 1. HP: 16/16 MP: 1/1
    32 | D:5      | Reached XP level 2. HP: 21/21 MP: 1/3
   179 | D:5      | Noticed a scorpion
   197 | D:5      | Killed a scorpion
   198 | D:5      | Reached skill level 1 in Spellcasting
   198 | D:5      | Reached skill level 1 in Conjurations
   198 | D:5      | Reached skill level 1 in Translocations
   198 | D:5      | Reached XP level 3. HP: 19/26 MP: 3/5
   198 | D:5      | Reached XP level 4. HP: 22/31 MP: 3/6
   222 | D:5      | Reached XP level 5. HP: 30/36 MP: 4/8
   254 | D:5      | Reached XP level 6. HP: 14/42 MP: 6/10
   400 | D:5      | Found a staircase to the Ecumenical Temple.
   405 | Temple   | Entered the Ecumenical Temple
   421 | Temple   | Became a worshipper of Vehumet
   448 | D:5      | Reached skill level 1 in Evocations
   916 | D:6      | Noticed Sigmund
  1054 | D:6      | Killed Sigmund
  1055 | D:6      | Reached skill level 5 in Evocations
  1055 | D:6      | Reached XP level 7. HP: 46/46 MP: 11/11
  1169 | D:6      | Learned a level 4 spell: Iskenderun's Mystic Blast
  1178 | D:6      | Noticed Prince Ribbit
  1245 | D:6      | Killed Prince Ribbit
  1246 | D:6      | Reached XP level 8. HP: 52/52 MP: 12/14
  1339 | D:7      | Found a hide-covered altar of Uskayaw.
  1353 | D:7      | Reached skill level 5 in Conjurations
  1359 | D:7      | Reached skill level 5 in Spellcasting
  1459 | D:7      | Reached * piety under Vehumet
  1459 | D:7      | Offered knowledge of Shock by Vehumet.
  1910 | D:7      | Noticed Menkaure
  1917 | D:7      | Killed Menkaure
  2330 | D:8      | Mangled by a killer bee

Illustrated notes

Levels and vault maps discovered:
D:5:      layout_cave_pools, lightli_temple_of_fire, minmay_temple_entry_ruins
D:6:      kennysheep_steamy, layout_basic, gammafunk_ghost_nasty_kobolds,
          uniq_prince_ribbit1, uniq_crazy_yiuf_cottage, uniq_sigmund
D:7:      layout_loops_ring, mainiacjoe_overflow_catwalk, uniq_menkaure
D:8:      layout_loops_ring, uniq_gastronok, uniq_maggie, uniq_maurice
Temple:   jpeg_temple_clearing

Skill      XL: |  1  2  3  4  5  6  7  8 |
---------------+-------------------------+-----
Spellcasting   | 1 2 3 4 5 |  5.9
Conjurations   | 1 2 3 4 6 |  6.1
Translocations | 1 2 3 |  3.0
Evocations     | 5 |  5.0
Fighting       | |  3.0
Short Blades   | |  2.0
Dodging        | |  2.0
Stealth        | |  6.6

Action                     |  1- 3 |  4- 6 |  7- 9 || total
---------------------------+-------+-------+-------++-------
  Melee: Short sword       |     9 |    66 |    47 ||   122
         Tentacles         |     2 |    22 |    15 ||    39
         Constrict         |     1 |    11 |    12 ||    24
         Punch             |       |     1 |       ||     1
   Cast: Iskenderun's Myst |       |       |     4 ||     4
  Evoke: Wand              |       |     1 |    15 ||    16
    Use: Potion            |     1 |       |     1 ||     2
   Stab: Sleeping          |     1 |     5 |     3 ||     9
         Distracted        |       |     1 |     1 ||     2
 Armour: Skin              |     2 |     3 |     1 ||     6
  Dodge: Dodged            |     2 |    36 |    29 ||    67

Table legend: (Time is in decaauts)
 A = Elapsed time spent in this place.
 B = Non-inter-level travel time spent in this place.
 C = Inter-level travel time spent in this place.
 D = Time resting spent in this place.
 E = Time spent auto-exploring this place.
 F = Levels seen in this place.
 G = Mean time per level.
                   A        B        C        D        E       F      G
               +--------+--------+--------+--------+--------+-----+--------+
         Total |   2301 |   2271 |     30 |    900 |    545 |   5 |  460.2 |
       Dungeon |   2269 |   2269 |      0 |    900 |    545 |   4 |  567.2 |
        Temple |     32 |      2 |     30 |      0 |      0 |   1 |   32.0 |
               +--------+--------+--------+--------+--------+-----+--------+

Top non-repeatable levels by time:
     D:7: 885 daAuts
     D:6: 731 daAuts
     D:5: 550 daAuts
     D:8: 101 daAuts
  Temple: 32 daAuts
